 Dungeon Crawl Stone Soup version 0.28-a0-863-g8cecda6153 (webtiles) character file.

Game seed: 11088337361569112143

490 vineage the Chopper (level 6, 0/46 HPs)
             Began as a Demonspawn Gladiator on Nov 18, 2021.
             Was an Initiate of Okawaru.
             Slain by an ogre (22 damage)
             ... on level 4 of the Dungeon.
             The game lasted 00:06:49 (3639 turns).

vineage the Chopper (Demonspawn Gladiator)          Turns: 3639, Time: 00:06:49

Health: 0/46       AC:  5    Str: 16    XL:     6   Next: 90%
Magic:  15/15      EV: 13    Int:  9    God:    Okawaru [......]
Gold:   175        SH:  0    Dex: 19    Spells: 5/5 levels left

rFire   . . .      SeeInvis .   a - +1 war axe
rCold   . . .      Faith    .   (no shield)
rNeg    . . .      Spirit   .   b - +0 leather armour
rPois   .          Reflect  .   c - +0 helmet
rElec   .          Harm     .   m - scarf {repulsion}
rCorr   .          Rampage  .   (no gloves)
Will    .....                   r - +0 pair of boots
Stlth   ++++......              (no amulet)
HPRegen 0.15/turn               q - ring of magical power
MPRegen 0.14/turn               (no ring)

@: repel missiles
A: thin skeletal structure 2, demonic touch 1
a: Renounce Religion


You were on level 4 of the Dungeon.
You worshipped Okawaru.
Okawaru was noncommittal.
You visited 2 branches of the dungeon, and saw 5 of its levels.

You collected 175 gold pieces.

Inventory:

Hand Weapons
 a - a +1 war axe (weapon)
Missiles
 d - 5 throwing nets (quivered)
Armour
 b - a +0 leather armour (worn)
 c - a +0 helmet (worn)
 h - a +2 cloak
 m - a scarf of repulsion (worn)
 r - a +0 pair of boots (worn)
Jewellery
 q - a ring of magical power (left hand)
Wands
 i - a wand of digging (6)
Scrolls
 e - a scroll of fog
 l - 2 scrolls of teleportation
 o - a scroll of identify
Potions
 f - 2 potions of curing
 g - a potion of cancellation
 j - a potion of heal wounds {unknown}
 k - a potion of berserk rage {unknown}
 n - a potion of lignification {unknown}
 p - a potion of magic {unknown}


   Skills:
 + Level 2.8 Fighting
 * Level 5.7 Axes
 - Level 1.7 Throwing
 + Level 2.3 Armour
 + Level 3.3 Dodging
 + Level 1.7 Stealth


You had 5 spell levels left.
You didn't know any spells.
Your spell library contained the following spells:

 Spells                   Type           Power      Damage    Failure   Level
 Slow                     Hex            0%         N/A       43%         1
 Confusing Touch          Hex            0%         N/A       82%         3
 Yara's Violent Unravell  Hex/Tmut       0%         3d3       100%        5
 Summon Small Mammal      Summ           Unusable   N/A       N/A         1
 Call Canine Familiar     Summ           Unusable   N/A       N/A         3
 Summon Guardian Golem    Hex/Summ       Unusable   N/A       N/A         3

Dungeon Overview and Level Annotations

Branches:
Dungeon (4/15)             Temple (1/1) D:4

Altars:
Gozag
Makhleb
Okawaru
Ru
Yredelemnul


Innate Abilities, Weirdness & Mutations

You have a moderately thin skeletal structure. (Dex +4, Stealth++)
Your touch may inflict minor irresistible damage on your foes.


Message History

You completely miss the goblin. The goblin hits you but does no damage.
The goblin closely misses you.
You slash the goblin!
You kill the goblin!
Okawaru accepts your kill.
No target in view!
No target in view!
No target in view!
No target in view!
No target in view!
No target in view!
No target in view!
No target in view!
No target in view!
No target in view!
No target in view!
HP restored.
d - 5 throwing nets (gained 2)
You pick up a book of Misfortune and begin reading...
You add the spells Slow, Confusing Touch and Yara's Violent Unravelling to your library.
Found a stone staircase leading down.
You now have 175 gold pieces (gained 14).
A giant cockroach comes into view.
A giant cockroach is nearby!
An ogre comes into view. It is wielding a +0 giant club.
The helpless giant cockroach fails to defend itself.
You hit the giant cockroach.
You touch the giant cockroach.
You kill the giant cockroach!
Okawaru accepts your kill.
The helpless ogre fails to defend itself.
You hit the ogre.
The ogre is lightly wounded.
The ogre hits you with a +0 giant club!!
Ouch! That really hurt!
You are too injured to fight recklessly!
You are too injured to fight recklessly!
You are too injured to fight recklessly!
You feel better.
The ogre hits you with a +0 giant club!!
You die...

.....## ##..# ##
.##..†# #.##
.####.## #.# .#
##.## #.# ## ##.##
#.## # ##.## #†.##
#..###...### #
##..###....##...#
##..# ##.@......#
##### ##...#
###O......
#...###....#
####...
...........## ..
............######
#
#######..........#
###.........
#.........
##.........


You could see an ogre.

Vanquished Creatures
  A steam dragon (D:4)
  Pargi (D:4)
  A scorpion (D:4)
  An iguana (D:3)
  A hound skeleton (D:4)
  Robin (D:3)
  4 gnolls (D:4)
  4 adders
  An adder skeleton (D:4)
  A dart slug (D:1)
  8 bats
  7 endoplasms
  5 giant cockroaches
  10 goblins
  5 hobgoblins
  8 jackals
  5 kobolds
  2 quokkas (D:1)
  9 ball pythons
  2 frilled lizards (D:1)
  8 rats
85 creatures vanquished.

Vanquished Creatures (others)
  2 plants (D:1)
2 creatures vanquished.

Grand Total: 87 creatures vanquished

Notes
Turn   | Place    | Note
-------+----------+-------------------------------------------
     0 | D:1      | vineage the Demonspawn Gladiator began the quest for the
                  | Orb.
     0 | D:1      | Reached XP level 1. HP: 16/16 MP: 1/1
   172 | D:1      | Reached skill level 3 in Axes
   173 | D:1      | Gained mutation: You have a somewhat thin skeletal
                  | structure. (Dex +2, Stealth+) [demonic ancestry]
   173 | D:1      | Reached XP level 2. HP: 10/22 MP: 2/2
   556 | D:1      | Gained mutation: Your touch may inflict minor irresistible
                  | damage on your foes. [demonic ancestry]
   556 | D:1      | Reached XP level 3. HP: 27/27 MP: 3/3
  1466 | D:3      | Reached skill level 4 in Axes
  1700 | D:3      | Gained mutation: You have a moderately thin skeletal
                  | structure. (Dex +4, Stealth++) [demonic ancestry]
  1700 | D:3      | Reached XP level 4. HP: 33/33 MP: 4/4
  2336 | D:3      | Noticed Robin
  2349 | D:3      | Killed Robin
  2350 | D:3      | Reached skill level 1 in Armour
  2748 | D:3      | Found a faded altar of an unknown god.
  2863 | D:4      | Noticed a scorpion
  2893 | D:4      | Killed a scorpion
  2894 | D:4      | Reached skill level 1 in Stealth
  2894 | D:4      | Reached XP level 5. HP: 26/39 MP: 5/5
  3038 | D:4      | Noticed Pargi
  3038 | D:4      | Noticed a steam dragon
  3056 | D:4      | Killed a steam dragon
  3057 | D:4      | Reached skill level 5 in Axes
  3057 | D:4      | Reached XP level 6. HP: 34/46 MP: 6/6
  3178 | D:4      | Killed Pargi
  3321 | D:4      | Found a staircase to the Ecumenical Temple.
  3432 | Temple   | Entered the Ecumenical Temple
  3441 | Temple   | Became a worshipper of Warmaster Okawaru
  3639 | D:4      | Slain by an ogre

Illustrated notes

Levels and vault maps discovered:
D:1:      eino_arrival_water_cross, layout_basic
D:2:      layout_basic
D:3:      layout_basic, basic_ecumenical_altar, chequers_serial_rivers_large_a,
          uniq_robin
D:4:      layout_layer_cave, minmay_temple_entry_overgrown, uniq_pargi
Temple:   mainiacjoe_temple_coin_purse

Skill      XL: |  1  2  3  4  5 |
---------------+----------------+-----
Axes           | 3 4 5 |  5.7
Armour         | 1 2 |  2.3
Dodging        | 3 |  3.3
Stealth        | 1 |  1.7
Fighting       | |  2.8
Throwing       | |  1.7

Action                   |  1- 3 |  4- 6 || total
-------------------------+-------+-------++-------
Melee: War axe           |   104 |   101 ||   205
       Touch             |     6 |    21 ||    27
  Use: Scroll            |     2 |     5 ||     7
       Potion            |       |     1 ||     1
 Stab: Sleeping          |     5 |     8 ||    13
Armor: Leather armour    |    43 |    53 ||    96
Dodge: Dodged            |    88 |    97 ||   185

Table legend: (Time is in decaauts)
 A = Elapsed time spent in this place.
 B = Non-inter-level travel time spent in this place.
 C = Inter-level travel time spent in this place.
 D = Time resting spent in this place.
 E = Time spent auto-exploring this place.
 F = Levels seen in this place.
 G = Mean time per level.
                   A        B        C        D        E       F      G
               +--------+--------+--------+--------+--------+-----+--------+
         Total |   3708 |   3596 |    112 |      0 |   2968 |   5 |  741.6 |
       Dungeon |   3689 |   3592 |     97 |      0 |   2967 |   4 |  922.2 |
        Temple |     18 |      4 |     14 |      0 |      1 |   1 |   18.0 |
               +--------+--------+--------+--------+--------+-----+--------+

Top non-repeatable levels by time:
     D:3: 1444 daAuts
     D:1: 997 daAuts
     D:4: 776 daAuts
     D:2: 471 daAuts
  Temple: 18 daAuts
